 Dungeon Crawl Stone Soup version 0.31-a0-214-gb37851dbb3 (webtiles) character file.

Game seed: 4830605431475459591

5 qw the Shooter (level 1, 0/16 HPs)
             Began as a Minotaur Hexslinger on July 1, 2023.
             Slain by a hobgoblin (2 damage)
             ... on level 1 of the Dungeon.
             The game lasted 00:00:02 (48 turns).

qw the Shooter (Minotaur Hexslinger)                  Turns: 48, Time: 00:00:02

Health: 0/16       AC:  2    Str: 12    XL:     1   Next: 66%
Magic:  1/1        EV: 12    Int: 10    God:
Gold:   0          SH:  0    Dex: 12    Spells: 1/2 levels left

rFire   . . .        a - +1 sling
rCold   . . .        (no shield)
rNeg    . . .        c - +0 robe
rPois   .            (helmet restricted)
rElec   .            (no cloak)
rCorr   .            (no gloves)
SInv    .            (no boots)
Will    .....        (no amulet)
Stlth   +            (no ring)
HPRegen 0.22/turn    (no ring)
MPRegen 0.07/turn

%: no passive effects
@: no status effects
A: horns 2, retaliatory headbutt
a: no special abilities


You were on level 1 of the Dungeon.
You visited 1 branch of the dungeon, and saw 1 of its levels.


Innate Abilities, Weirdness & Mutations

You have a pair of horns on your head.
You reflexively headbutt those who attack you in melee.


   Skills:
 - Level 1.2 Fighting
 + Level 2.8 Ranged Weapons
 - Level 2.1 Dodging
 - Level 1.0 Spellcasting
 - Level 2.0 Hexes


You had one spell level left.
You knew the following spells:

 Your Spells              Type           Power      Damage    Failure   Level
a - Slow                  Hex            16%        N/A       16%         1

Your spell library contained the following spells:

 Spells                   Type           Power      Damage    Failure   Level
 Inner Flame              Hex/Fire       2%         N/A       56%         3
 Portal Projectile        Hex/Tloc       4%         N/A       56%         3
 Cause Fear               Hex            2%         N/A       83%         4

Inventory:

Hand Weapons
 a - a +1 sling (weapon)
Armour
 c - a +0 robe (worn)
Scrolls
 b - a scroll of poison
 d - a scroll of identify {unknown}

Dungeon Overview and Level Annotations

Branches:
Dungeon (1/15)

Altars:


Message History

The hobgoblin hits you.
The hobgoblin moves out of view.
You shoot a sling bullet.
The sling bullet barely misses the hobgoblin.
The sling bullet hits the goblin.
You kill the goblin!
The bat hits you but does no damage. The hobgoblin barely misses you.
A frilled lizard comes into view.
You shoot a sling bullet.
The sling bullet closely misses the hobgoblin.
The frilled lizard hisses angrily.
The bat hits you. x2; The hobgoblin closely misses you.
You furiously retaliate!
You headbutt the hobgoblin.
The hobgoblin hits you but does no damage.
You shoot a sling bullet.
The sling bullet barely misses the hobgoblin.
The bat hits you but does no damage. The hobgoblin hits you.
The hobgoblin drinks a potion.
The hobgoblin suddenly seems more resistant.
You shoot a sling bullet.
The sling bullet closely misses the hobgoblin.
The sling bullet hits the goblin.
You kill the goblin!
The bat closely misses you. The hobgoblin barely misses you.
The hobgoblin closely misses you. The hobgoblin hits you.
The hobgoblin barely misses you.
You shoot a sling bullet.
The sling bullet barely misses the hobgoblin.
The bat hits you.
The hobgoblin barely misses you. x2; You furiously retaliate!
You headbutt the hobgoblin!
You kill the hobgoblin!
You shoot a sling bullet.
The sling bullet barely misses the hobgoblin.
The bat closely misses you. The hobgoblin hits you.
You shoot a sling bullet.
The sling bullet closely misses the hobgoblin.
The sling bullet barely misses the bat.
The bat hits you but does no damage. The hobgoblin barely misses you.
You furiously retaliate!
You headbutt the hobgoblin. The frilled lizard bites you.
The hobgoblin hits you.
You die...

'.# #.### ##.
#......... +#'.# ..
.......... ##.###
..#......... +#'.#
###...#.(.......
##.###....
..).......
+#'.##..#
#.g.b.....
##.###.###lg.......
+ +#'.#.....@?.#
###.###.#...#.##.#
........:.....# #
............###
.....#.#..#.#
.....#......# ....
#..#.### ...
#.......# ###
#.##.....#


You could see 2 hobgoblins, a bat and a frilled lizard.

Vanquished Creatures
  An endoplasm (D:1)
  2 goblins (D:1)
  A hobgoblin (D:1)
4 creatures vanquished.

Notes
Turn   | Place    | Note
-------+----------+-------------------------------------------
     0 | D:1      | qw the Minotaur Hexslinger began the quest for the Orb.
     0 | D:1      | Reached XP level 1. HP: 16/16 MP: 1/1
     0 | D:1      | 0 ||| qw: Version: 0.3-a-32-g5962c71
     0 | D:1      | 0 ||| qw: Game counter: 7376
     0 | D:1      | 0 ||| qw: Melee chars always use a shield: true
     0 | D:1      | 0 ||| qw: God list: Okawaru
     0 | D:1      | 0 ||| qw: Allow faded altars: false
     0 | D:1      | 0 ||| qw: Do Orc after clearing Dungeon:15 true
     0 | D:1      | 0 ||| qw: Do second Lair branch before Depths: true
     0 | D:1      | 0 ||| qw: Lair rune preference: random
     0 | D:1      | 0 ||| qw: Goals: Normal
     0 | D:1      | 0 ||| PLANNING D:1-11
    48 | D:1      | HP: 2/16 [frilled lizard (3)]
    48 | D:1      | Slain by a hobgoblin

Levels and vault maps discovered:
D:1:      erik_arrival_triangle_huge, layout_rooms

Action                     || total
---------------------------++-------
   Fire: Sling             ||    14
 Armour: Robe              ||     4
  Dodge: Dodged            ||    11

Table legend:
 A = Non-vault XP
 B = Vault XP
 C = Vault XP percentage of total XP
 D = Non-vault monster count
 E = Vault monster count
 F = Vault count percentage of total count
                 A         B        C        D         E       F
            +---------+---------+-------+---------+---------+-------
      Total |       8 |       0 |   0.0 |       4 |       0 |   0.0
            +---------+---------+-------+---------+---------+-------
        D:1 |       8 |       0 |   0.0 |       4 |       0 |   0.0
            +---------+---------+-------+---------+---------+-------
